 Dungeon Crawl Stone Soup version 0.18-a0-1670-gb40d73e (webtiles) character file.

36 dohliylev the Firebug (level 3, -2/19 HPs)
             Began as a Deep Elf Fire Elementalist on Apr 1, 2016.
             Slain by Natasha (5 damage)
             ... on level 2 of the Dungeon.
             The game lasted 00:05:37 (1220 turns).

dohliylev the Firebug (Deep Elf Fire Elementalist)  Turns: 1220, Time: 00:05:38

Health: -2/19      AC:  2    Str:  5    XL:     3   Next: 19%
Magic:  1/10       EV: 13    Int: 20    God:
Gold:   29         SH:  0    Dex: 15    Spells: 2 memorised, 6 levels left

rFire  . . .     SeeInvis .     (no weapon)
rCold  . . .     Gourm    .     a - +0 robe
rNeg   . . .     Faith    .     (no shield)
rPois  .         Spirit   .     (no helmet)
rElec  .         Dismiss  .     (no cloak)
rCorr  .         Reflect  .     (no gloves)
SustAt .         Harm     .     (no boots)
MR     .....                    (no amulet)
Stlth  ++........               (no ring)
                                (no ring)

@: very slightly contaminated, not resistant to hostile enchantments, unstealthy
A: no striking features
a: no special abilities


You were on level 2 of the Dungeon.
You were not hungry.

You visited 1 branch of the dungeon, and saw 2 of its levels.

You collected 29 gold pieces.

Inventory:

Armour
 a - a +0 robe (worn)
 h - a cursed +0 scale mail
Jewellery
 g - an uncursed amulet of the gourmand {unknown}
 r - a +6 ring of dexterity {unknown}
Scrolls
 i - 5 scrolls of teleportation {unknown}
 j - 3 scrolls of enchant armour {unknown}
 n - 2 scrolls of identify {unknown}
 p - a scroll of immolation {unknown}
 q - a scroll of random uselessness {unknown}
Potions
 d - 2 potions of curing {unknown}
 e - a potion of invisibility {unknown}
 f - 2 potions of berserk rage {unknown}
 k - a potion of lignification {unknown}
 l - a potion of heal wounds {unknown}
 m - a potion of cure mutation {unknown}
 o - a potion of brilliance {unknown}
 s - a potion of degeneration {unknown}
Books
 b - a book of Flames

   Spells                             Type                      Level
   a - Flame Tongue                   Conjuration/Fire             1
   b - Throw Flame                    Conjuration/Fire             2
   c - Conjure Flame                  Conjuration/Fire             3
   d - Inner Flame                    Hexes/Fire                   3
   e - Sticky Flame                   Conjuration/Fire             4
   f - Fireball                       Conjuration/Fire             5
Comestibles
 c - a bread ration
 t - 4 chunks of flesh


   Skills:
 + Level 2.6 Dodging
 + Level 3.1 Stealth
 + Level 3.6 Spellcasting
 + Level 1.3 Conjurations
 + Level 3.8 Fire Magic


You had 6 spell levels left.
You knew the following spells:

 Your Spells              Type           Power        Failure   Level  Hunger
a - Flame Tongue          Conj/Fire      ##...        4%          1    None
b - Throw Flame           Conj/Fire      ##....       10%         2    ##.....


Dungeon Overview and Level Annotations

Branches:
Dungeon (2/15)

Altars:
Ashenzari
Cheibriados
Qazlal

Annotations:
D:2 Natasha


Message History

You miscast Flame Tongue.
You are very lightly contaminated with residual magic.
Nothing appears to happen.
Natasha misses you.
Casting: Flame Tongue
Confirm with . or Enter, or press ? or * to list all spells.
Aiming: Flame Tongue
Press: ? - help, Shift-Dir - straight line, f/p - Natasha
Aim: Natasha, carrying a wand of flame {zapped: 2} (severely wounded, unusually resistant)
The flame tongue hits Natasha.
Natasha resists.
Natasha is almost dead.
Natasha claws you.
* * * LOW HITPOINT WARNING * * *
Casting: Flame Tongue
Confirm with . or Enter, or press ? or * to list all spells.
Aiming: Flame Tongue
Press: ? - help, Shift-Dir - straight line, f/p - Natasha
Aim: Natasha, carrying a wand of flame {zapped: 2} (almost dead, unusually resistant)
The flame tongue misses Natasha.
The flame tongue hits the crimson imp.
The crimson imp completely resists.
Natasha claws you.
You die...

##### ...#
#.#########
#.........#
#########.####.##.#
........(.........#
........)###'###..#
#######..# #.# #@##
##.###.###h#
#.'.._###5#
#.###.###.# #.# #.#
#.# ###)###+###.#
#...........#
....#.(.######.#
_... #.#.#


You could see Natasha and a crimson imp.

Vanquished Creatures
  An adder (D:2)
  A dart slug (D:1)
  4 goblins
  8 hobgoblins
  2 bats (D:1)
  A giant newt (D:1)
  4 kobolds
  2 rats (D:1)
23 creatures vanquished.

Notes
Turn   | Place    | Note
--------------------------------------------------------------
     0 | D:1      | dohliylev the Deep Elf Fire Elementalist began the quest for the Orb.
     0 | D:1      | Reached XP level 1. HP: 10/10 MP: 6/6
    29 | D:1      | Found a shattered altar of Ashenzari.
   186 | D:1      | Reached XP level 2. HP: 11/15 MP: 6/8
   898 | D:1      | Learned a level 2 spell: Throw Flame
   930 | D:2      | Reached XP level 3. HP: 10/19 MP: 1/10
  1180 | D:2      | Found a stormy altar of Qazlal.
  1197 | D:2      | Found a snail-covered altar of Cheibriados.
  1198 | D:2      | Noticed Natasha
  1220 | D:2      | Slain by Natasha

Vault maps used:
D:1:      scummos_arrival_star, corner_web_ring, nicolae_ashenzari_panopticon
D:2:      grunt_temple_overflow_holy_war, nicolae_qazlal_style_of_elements,
          lemuel_doored_altar, uniq_terence, uniq_natasha

Skill      XL: |  1  2 |
---------------+-------+-----
Stealth        | 3 |  3.1
Dodging        | |  2.6
Spellcasting   | |  3.6
Conjurations   | |  1.3
Fire Magic     | |  3.8

Action                   || total
-------------------------++-------
Melee: Unarmed           ||    12
 Cast: Flame Tongue      ||    50
       Throw Flame       ||     2
 Stab: Sleeping          ||     1
  Eat: Chunk             ||     1
